 Dungeon Crawl Stone Soup version 0.21.1-1-g345015fe64 (webtiles) character file.

120920 Peloso the Peltast (level 16, -12/147 HPs)
             Began as a Minotaur Fighter on July 17, 2018.
             Was the Champion of Okawaru.
             Mangled by an enormous slime creature (45 damage)
             ... on level 1 of the Swamp on July 18, 2018.
             The game lasted 01:28:57 (28840 turns).

Peloso the Peltast (Minotaur Fighter)              Turns: 28840, Time: 01:28:57

Health: -12/147    AC: 26    Str: 24    XL:     16   Next: 31%
Magic:  17/17      EV: 10    Int:  5    God:    Okawaru [******]
Gold:   2530       SH: 26    Dex: 20    Spells: 15/15 levels left

rFire    . . .     SeeInvis +   K - +4 falchion of the Five Wonders {flame, rF+}
rCold    + . .     Gourm    .   c - +2 large shield {AC+3}
rNeg     + + .     Faith    .   G - +1 plate armour {MR+}
rPois    .         Spirit   .   P - +1 hat
rElec    +         Reflect  .   Q - +0 cloak of the Beginning {rN+ rCorr Str+3}
rCorr    +         Harm     .   k - +0 pair of gloves {Dex+3}
MR       +++..                  g - +0 pair of boots
Stlth    ..........             B - amulet of regeneration
HPRegen  0.74/turn              s - ring of Dumuet {Ice MR+ Dex+4}
MPRegen  0.15/turn              p - ring of Surprise {rElec rN+ Str-4 SInv Stlth+}

@: no status effects
A: retaliatory headbutt, horns 2
a: Heroism, Finesse, Renounce Religion


You were on level 1 of the Swamp.
You worshipped Okawaru.
Okawaru was exalted by your worship.
You were hungry.

You visited 4 branches of the dungeon, and saw 25 of its levels.
You also visited: Labyrinth, Ossuary and Volcano.

You collected 3267 gold pieces.
You spent 737 gold pieces at shops.

Inventory:

Hand Weapons
 a - a +1 demon blade of venom
 u - a +2 scimitar of flaming
 K - the +4 falchion of the Five Wonders (weapon) {flame, rF+}
   (Okawaru gifted it to you on level 14 of the Dungeon)

   It has been specially enchanted to burn those struck by it, causing extra
   injury to most foes and up to half again as much damage against particularly
   susceptible opponents.
   Big, fiery blades are also staple armaments of hydra-hunters.
   It protects you from fire.
Armour
 c - a +2 large shield of protection (worn)
 g - a +0 pair of boots (worn)
 k - a +0 pair of gloves of dexterity (worn)
 D - the +0 shield of the Raven {rC++ MR++ Dex-2}
   (You bought it in a shop on level 2 of the Orcish Mines)

   It affects your dexterity (-2).
   It greatly protects you from cold.
   It affects your resistance to hostile enchantments.
 G - a +1 plate armour of magic resistance (worn)
 H - a +1 plate armour of poison resistance
 P - a +1 hat (worn)
 Q - the +0 cloak of the Beginning (worn) {rN+ rCorr Str+3}
   (You bought it in a shop on level 11 of the Dungeon)

   It affects your strength (+3).
   It protects you from negative energy.
   It protects you from acid and corrosion.
Jewellery
 l - an uncursed ring of flight
 p - the ring of Surprise (right hand) {rElec rN+ Str-4 SInv Stlth+}
   (You found it in a labyrinth)

   [ring of see invisible]

   It affects your strength (-4).
   It insulates you from electricity.
   It protects you from negative energy.
   It lets you see invisible.
   It makes you more stealthy.
 r - an uncursed ring of magical power
 s - the ring of Dumuet (left hand) {Ice MR+ Dex+4}
   (You found it in an ossuary)

   [ring of ice]

   It enhances your ice magic.
   It affects your dexterity (+4).
   It makes you vulnerable to fire.
   It protects you from cold.
   It affects your resistance to hostile enchantments.
 x - an uncursed ring of see invisible
 B - an amulet of regeneration (around neck)
Wands
 b - a wand of acid (13)
 m - a wand of iceblast (28)
 E - a wand of polymorph (53)
 F - a wand of random effects (46)
 T - a wand of disintegration (19)
Scrolls
 h - a scroll of fear
 i - 5 scrolls of holy word
 j - 16 scrolls of remove curse
 n - 5 scrolls of identify
 q - 4 scrolls of enchant armour
 w - 6 scrolls of blinking
 y - 2 scrolls of fog
 C - 6 scrolls of teleportation
 I - a scroll of brand weapon {unknown}
 L - 3 scrolls of magic mapping
 O - 3 scrolls of amnesia
Potions
 d - a potion of mutation
 e - 6 potions of flight
 o - 8 potions of haste
 t - 2 potions of brilliance
 z - a potion of curing
 A - 2 potions of agility
 J - 6 potions of might
 M - 2 potions of heal wounds
 S - 3 potions of resistance
 W - 2 potions of ambrosia
Books
 v - a book of the Tempests

   Spells                             Type                      Level
   a - Static Discharge               Conjuration/Air              3
   b - Lightning Bolt                 Conjuration/Air              5
   c - Ignition                       Fire                         8
   d - Tornado                        Air                          9
   e - Shatter                        Earth                        9
 N - a book of Misfortune

   Spells                             Type                      Level
   a - Confusing Touch                Hexes                        1
   b - Confuse                        Hexes                        3
   c - Gell's Gravitas                Translocation                3
   d - Petrify                        Transmutation/Earth          4
   e - Metabolic Englaciation         Hexes/Ice                    5
   f - Yara's Violent Unravelling     Hexes/Transmutation          5
 R - a book of Power

   Spells                             Type                      Level
   a - Iskenderun's Battlesphere      Conjuration/Charms           5
   b - Venom Bolt                     Conjuration/Poison           5
   c - Bolt of Magma                  Conjuration/Fire/Earth       5
   d - Iron Shot                      Conjuration/Earth            6
   e - Orb of Destruction             Conjuration                  7
   f - Spellforged Servitor           Conjuration/Summoning        7
 V - a book of Flames

   Spells                             Type                      Level
   a - Flame Tongue                   Conjuration/Fire             1
   b - Throw Flame                    Conjuration/Fire             2
   c - Conjure Flame                  Conjuration/Fire             3
   d - Inner Flame                    Hexes/Fire                   3
   e - Sticky Flame                   Conjuration/Fire             4
   f - Fireball                       Conjuration/Fire             5
 Y - a book of Death

   Spells                             Type                      Level
   a - Corpse Rot                     Necromancy                   2
   b - Sublimation of Blood           Necromancy                   2
   c - Agony                          Necromancy                   5
   d - Dispel Undead                  Necromancy                   5
   e - Excruciating Wounds            Charms/Necromancy            5
   f - Bolt of Draining               Conjuration/Necromancy       5
Miscellaneous
 U - a crystal ball of energy
Comestibles
 f - 33 rations


   Skills:
 + Level 14.7 Fighting
 + Level 16.2 Long Blades
 + Level 14.6 Armour
 + Level 5.3 Dodging
 + Level 1.4 Stealth
 + Level 20.7 Shields
 + Level 3.1 Invocations
 + Level 0.3 Evocations


You had 15 spell levels left.
You didn't know any spells.

Dungeon Overview and Level Annotations

Branches:
Dungeon (15/15)            Temple (0/1) D:6            Lair (6/6) D:9
  Swamp (2/4) Lair:4        Snake (0/4) Lair:2        Slime (0/5) Lair:6
    Orc (2/2) D:9             Elf (0/3) Orc:2        Vaults (0/5) D:13
 Depths (0/5) D:15

Altars:
Ashenzari
Dithmenos
Elyvilon
Okawaru
Ru
Uskayaw
Xom
Beogh

Shops:
D:5 [   D:11 [   D:14 !   D:15 %   Orc:2 [(}[

Annotations:
D:9 exclusion: oklob plant


Innate Abilities, Weirdness & Mutations

You reflexively headbutt those who attack you in melee.
You have a pair of horns on your head.


Message History

You hit the enormous slime creature. You burn the enormous slime creature.
Your headbutt misses the enormous slime creature.
The enormous slime creature is severely wounded.
You block the slime creature's attack. The four-headed hydra bites you.
* * * LOW HITPOINT WARNING * * *
You block the four-headed hydra's attack.
The four-headed hydra bites you but does no damage.
You block the four-headed hydra's attack.
You slash the enormous slime creature! You burn the enormous slime creature.
The enormous slime creature is almost dead.
You block the enormous slime creature's attack.
You block the four-headed hydra's attack. x2
The four-headed hydra bites you but does no damage.
You block the four-headed hydra's attack.
The slime creature hits you but does no damage.
You slash the enormous slime creature! You burn the enormous slime creature.
Your headbutt misses the enormous slime creature.
The enormous slime creature is almost dead.
The enormous slime creature hits you!!!
You die...

.≈≈≈♣♣♣.≈≈≈.♣♣♣♣♣♣♣♣ ♣≈≈§≈...♣.≈
.≈≈≈.♣♣≈.≈≈≈♣♣...♣ ♣♣♣≈...♣♣.)
....≈♣♣.≈≈.≈♣♣.≈.♣♣♣♣♣ ♣♣...≈≈.≈.
≈♣♣.§♣.≈≈≈..♣..≈≈.♣♣≈♣♣♣≈...♣≈≈♣♣
≈≈.....≈≈..♣...≈≈≈..≈≈≈♣♣♣..≈≈♣♣♣
........§..≈§....[≈.≈≈≈.♣♣≈.≈.≈♣.
.≈.≈≈...≈≈...≈......≈≈≈≈.♣♣§...♣≈
.≈≈...≈≈≈..≈♣♣♣.....≈≈≈≈≈≈......♣
.≈≈...≈≈≈..♣♣♣♣♣@J)..≈≈≈≈≈≈≈.≈≈.♣
..≈...†...≈♣≈≈≈♣JD≈≈.≈≈≈≈≈≈≈...≈♣
≈....≈≈≈♣≈≈♣≈...n≈≈≈.≈≈≈≈≈≈..≈.≈♣
.....≈≈≈.♣♣....≈≈≈≈≈.≈≈≈≈...♣..♣♣
...≈≈≈≈≈.....≈...≈≈≈≈≈≈≈≈.≈♣♣..♣≈
.♣.≈≈≈≈.≈♣.........≈≈≈..≈♣♣♣♣....
♣♣.≈≈≈≈.♣♣♣♣≈≈.≈≈≈≈≈≈.♣♣♣♣♣♣....≈
♣♣♣.≈..≈♣...♣♣.≈≈≈≈≈.§♣ ♣≈≈.....
♣§...≈≈♣)≈.♣♣.≈≈≈≈≈.≈♣ ♣≈....≈.


You could see a four-headed hydra, an enormous slime creature, a slime creature
and a bog body.

Vanquished Creatures
  Saint Roka (Orc:2)
  A stone giant (Orc:2)
  Nessos (D:15)
  A dire elephant (Lair:6)
  Azrael (D:15)
  The ghost of lis82 the Eclecticist, a journeyman SpEn of Vehumet (D:13)
  A minotaur (Lab)
  A fire dragon (Lair:6)
  10 hydras
  Erolcha (D:10)
  2 catoblepae (Lair:6)
  11 two-headed ogres
  A centaur warrior (Volcano)
  4 alligators (Swamp:1)
  2 tengu warriors
  8 death yaks
  An orc high priest (D:11)
  Urug (D:10)
  6 skeletal warriors
  A swamp dragon (Lair:6)
  A hell knight (Volcano)
  An unseen horror (shapeshifter) (D:15)
  A lindwurm (Lair:6)
  A flayed ghost (D:15)
  2 unseen horrors
  2 necromancers
  2 orc knights
  5 orc sorcerers
  2 wolf spiders
  5 oklob plants
  4 cyclopes
  4 manticores
  20 elephants
  5 ugly things
  4 black mambas
  A frost giant skeleton (D:15)
  Maurice (D:12)
  Psyche (D:10)
  A guardian serpent (Lair:2)
  11 spiny frogs
  2 molten gargoyles (Volcano)
  A gargoyle (D:15)
  An efreet (D:14)
  9 komodo dragons
  2 yaktaurs (Volcano)
  2 kobold demonologists
  9 rime drakes
  3 tengu conjurers
  A polar bear (Lair:6)
  A queen bee (shapeshifter) (D:11)
  2 tyrant leeches (Swamp:1)
  14 trolls
  2 meliai (D:12)
  3 hornets
  18 blink frogs
  2 dream sheep (Lair:6)
  11 hippogriffs
  A hippogriff (shapeshifter) (D:15)
  A bog body (Swamp:2)
  17 slime creatures
  A spriggan zombie (D:15)
  3 spriggans
  A vampire (D:13)
  An ettin skeleton (D:15)
  A shadow (D:11)
  41 yaks
  The ghost of lis82 the Digger, an amateur GrEE (D:4)
  3 fire elementals (D:15)
  5 wyverns
  A spriggan skeleton (D:15)
  3 wraiths
  10 hungry ghosts
  3 basilisks
  9 vampire mosquitoes
  2 fire bats (Volcano)
  3 steam dragons
  Menkaure (D:4)
  5 acid dragons
  4 swamp worms
  3 wargs
  10 water moccasins
  5 hell hounds (D:15)
  6 porcupines
  An eye of draining (D:11)
  7 swamp drakes
  4 ice beasts
  10 sky beasts
  40 orc warriors
  A necrophage (D:12)
  A phantom (D:10)
  13 ogres
  16 centaurs
  5 wolves (Lair:1)
  29 crocodiles
  10 bullfrogs
  3 big kobolds
  Blork the orc (D:5)
  An elf zombie (Ossuary)
  A wyvern skeleton (D:6)
  5 scorpions
  22 killer bees
  5 wights (D:12)
  2 electric eels
  2 centaur zombies
  6 howler monkeys
  3 bullfrog zombies
  7 crimson imps
  6 lava snakes (Volcano)
  3 centaur skeletons
  6 hounds
  30 orc priests
  7 jellies
  32 orc wizards
  2 bullfrog skeletons
  9 iguanas
  11 worker ants
  2 big kobold zombies (Ossuary)
  2 hound zombies
  4 mummies (Ossuary)
  A hound skeleton (D:7)
  2 worker ant zombies
  3 gnolls (D:2)
  14 adders
  A howler monkey skeleton (D:4)
  3 shadow imps
  23 oozes
  An adder zombie (D:5)
  An adder skeleton (D:7)
  3 worms
  3 dart slugs
  11 leopard geckos
  108 orcs
  6 bats
  8 giant cockroaches
  9 goblins
  10 hobgoblins
  10 jackals
  3 quokkas
  11 frilled lizards
  2 goblin zombies (Ossuary)
  14 kobolds
  A kobold zombie (Ossuary)
  3 orc zombies (Ossuary)
  3 quokka skeletons
  6 rats
  2 rat zombies (Ossuary)
925 creatures vanquished.

Vanquished Creatures (others)
  A slime creature (Swamp:1)
  A vampire mosquito (Swamp:1)
  2 orc wizards
  A leopard gecko (Lair:2)
  An orc (D:15)
  A bush (Lair:6)
  26 fungi
  25 plants
58 creatures vanquished.

Grand Total: 983 creatures vanquished

Notes
Turn   | Place    | Note
-------+----------+-------------------------------------------
     0 | D:1      | Peloso the Minotaur Fighter began the quest for the Orb.
     0 | D:1      | Reached XP level 1. HP: 19/19 MP: 0/0
    34 | D:1      | Reached skill level 4 in Shields
    60 | D:1      | Reached XP level 2. HP: 21/27 MP: 1/1
   317 | D:1      | Reached XP level 3. HP: 29/33 MP: 2/2
   499 | D:2      | Found an iron altar of Okawaru.
   501 | D:2      | Became a worshipper of Warmaster Okawaru
   509 | D:2      | Noticed a sky beast
   566 | D:2      | Killed a sky beast
   566 | D:2      | Reached * piety under Okawaru
   566 | D:2      | Reached XP level 4. HP: 8/41 MP: 3/3
   566 | D:2      | Reached XP level 5. HP: 9/47 MP: 4/4
   904 | D:2      | Reached skill level 1 in Dodging
  1009 | D:2      | Found a shadowy altar of Dithmenos.
  1035 | D:2      | Reached skill level 5 in Shields
  1510 | D:3      | Found a shattered altar of Ashenzari.
  1561 | D:3      | Reached XP level 6. HP: 43/53 MP: 5/5
  1655 | D:3      | Reached skill level 5 in Armour
  1690 | D:3      | Reached skill level 5 in Long Blades
  1854 | D:3      | Found a sacrificial altar of Ru.
  2812 | D:4      | Noticed lis82's ghost (amateur GrEE)
  2818 | D:4      | Found a sand-covered staircase.
  2828 | D:4      | HP: 2/53 [lis82's ghost/stone arrow (25)]
  2829 | Ossuary  | Entered an ossuary
  2871 | Ossuary  | Reached XP level 7. HP: 52/60 MP: 6/6
  2880 | Ossuary  | Reached ** piety under Okawaru
  2880 | Ossuary  | Reached skill level 5 in Fighting
  2894 | Ossuary  | Reached skill level 6 in Shields
  3155 | Ossuary  | Got a heavily runed lead ring
  3157 | Ossuary  | Identified the ring of Dumuet {Ice MR+ Dex+4} (You found it in an ossuary)
  3220 | D:4      | Killed lis82's ghost
  3721 | D:4      | Noticed Menkaure
  3727 | D:4      | Killed Menkaure
  3811 | D:4      | Found a white marble altar of Elyvilon.
  4065 | D:5      | Entered Level 5 of the Dungeon
  4077 | D:4      | Reached XP level 8. HP: 68/68 MP: 7/7
  4222 | D:4      | Reached skill level 7 in Shields
  4447 | D:5      | Found Jusixylu's Antique Armour Boutique.
  4546 | D:5      | Reached *** piety under Okawaru
  4826 | D:5      | Noticed Blork the orc
  4840 | D:5      | Killed Blork the orc
  5082 | D:6      | Found a staircase to the Ecumenical Temple.
  5684 | D:7      | Reached XP level 9. HP: 22/75 MP: 8/8
  6086 | D:7      | Reached skill level 8 in Shields
  6140 | D:7      | Got a shimmering great mace
  6223 | D:7      | Reached **** piety under Okawaru
  7095 | D:8      | Reached skill level 9 in Shields
  7656 | D:9      | Noticed a troll
  7667 | D:9      | Reached skill level 10 in Long Blades
  7673 | D:9      | Killed a troll
  7777 | D:9      | Reached XP level 10. HP: 73/86 MP: 9/9
  7863 | D:9      | Found a hide-covered altar of Uskayaw.
  7863 | D:9      | Noticed an oklob plant
  7905 | D:9      | Found a staircase to the Orcish Mines.
  7984 | D:9      | Reached ***** piety under Okawaru
  8014 | D:9      | Found a shattered altar of Ashenzari.
  8014 | D:9      | Found a shimmering altar of Xom.
  8167 | D:9      | Reached skill level 10 in Shields
  8337 | D:9      | Found a staircase to the Lair.
  8451 | D:9      | Noticed a two-headed ogre
  8459 | D:9      | Killed a two-headed ogre
  8459 | D:9      | Received a gift from Okawaru
  8459 | D:9      | Reached skill level 1 in Stealth
  8558 | D:10     | Entered Level 10 of the Dungeon
  8592 | D:10     | Noticed a two-headed ogre
  8598 | D:10     | Killed a two-headed ogre
  8598 | D:10     | Reached skill level 10 in Armour
  8696 | D:10     | Noticed Psyche
  8708 | D:10     | Noticed Erolcha
  8715 | D:10     | Killed Erolcha
  8870 | D:10     | Received a gift from Okawaru
  8904 | D:10     | Reached XP level 11. HP: 95/95 MP: 10/10
  9255 | D:10     | Killed Psyche
  9255 | D:10     | Reached ****** piety under Okawaru
  9255 | D:10     | Reached skill level 11 in Shields
  9366 | D:10     | Noticed Urug
  9387 | D:10     | Killed Urug
  9430 | D:10     | Received a gift from Okawaru
  9898 | D:11     | Found Omymeb's Antique Armour Emporium.
  9906 | D:11     | Bought a pitted cloak for 304 gold pieces
  9911 | D:11     | Identified the cursed +0 cloak of the Beginning {rN+ rCorr Str+3} (You bought it in a shop on level 11 of the Dungeon)
 10036 | D:11     | Found a transporter.
 10590 | D:11     | Reached skill level 12 in Shields
 10619 | D:11     | Noticed an orc sorcerer
 10619 | D:11     | Found a roughly hewn altar of Beogh.
 10620 | D:11     | Noticed a two-headed ogre
 10621 | D:11     | Noticed a two-headed ogre
 10622 | D:11     | Noticed an orc high priest
 10712 | D:11     | Noticed a sixfirhy
 10752 | D:11     | Killed a two-headed ogre
 10764 | D:11     | Killed a two-headed ogre
 10764 | D:11     | Received a gift from Okawaru
 10918 | D:11     | Killed an orc high priest
 10924 | D:11     | Paralysed by an orc sorcerer for 2 turns
 10931 | D:11     | Killed an orc sorcerer
 10939 | D:11     | Reached skill level 10 in Fighting
 10966 | D:11     | Identified the Handbook of Mutagenic Bewitchment
 11013 | D:11     | Found a transporter.
 11078 | D:12     | Reached XP level 12. HP: 102/106 MP: 11/11
 11273 | D:12     | Noticed a two-headed ogre
 11287 | D:12     | Killed a two-headed ogre
 11287 | D:12     | Received a gift from Okawaru
 11290 | D:12     | Got a transparent broad axe {god gift}
 11291 | D:12     | Identified the +4 broad axe "Tibri Ketu" {chop, *Rage Dex-4 SInv Stlth+} (Okawaru gifted it to you on level 12 of the Dungeon)
 11315 | D:12     | Noticed a two-headed ogre
 11322 | D:12     | Killed a two-headed ogre
 11397 | D:12     | Reached skill level 13 in Shields
 11863 | D:12     | Reached skill level 1 in Invocations
 11897 | D:12     | Received a gift from Okawaru
 11897 | D:12     | Reached skill level 14 in Shields
 11982 | D:12     | Noticed Maurice
 11997 | D:12     | Killed Maurice
 12039 | D:12     | Noticed a two-headed ogre
 12046 | D:12     | Killed a two-headed ogre
 12447 | D:13     | Noticed lis82's ghost (journeyman SpEn)
 12790 | D:13     | Noticed a two-headed ogre
 12814 | D:13     | Reached XP level 13. HP: 28/116 MP: 12/12
 13103 | D:13     | Killed lis82's ghost
 13770 | D:13     | Found a gate to the Vaults.
 13776 | D:13     | Reached skill level 15 in Shields
 13952 | Lair:1   | Entered Level 1 of the Lair of Beasts
 14616 | Lair:1   | Identified a scroll of acquirement
 14681 | Lair:2   | Found a staircase to the Snake Pit.
 14909 | Lair:3   | Received a gift from Okawaru
 15937 | Lair:4   | Reached skill level 16 in Shields
 16202 | Lair:4   | Got an encrusted morningstar
 16203 | Lair:4   | Identified the +9 morningstar "Doatt" {pain, rPois} (You found it on level 4 of the Lair of Beasts)
 16242 | Lair:4   | Found a staircase to the Swamp.
 16913 | Lair:5   | Found a labyrinth entrance.
 16922 | Lab      | Entered a labyrinth
 17170 | Lab      | Noticed a minotaur
 17180 | Lab      | Killed a minotaur
 17180 | Lab      | Received a gift from Okawaru
 17200 | Lab      | Got a smoking pewter ring
 17203 | Lab      | Identified the ring of Surprise {rElec rN+ Str-4 SInv Stlth+} (You found it in a labyrinth)
 17619 | Lair:5   | Reached XP level 14. HP: 117/126 MP: 14/14
 17904 | Lair:6   | Entered Level 6 of the Lair of Beasts
 17908 | Lair:6   | Found a staircase to the Slime Pits.
 18024 | Lair:6   | Reached skill level 17 in Shields
 18749 | Lair:6   | Received a gift from Okawaru
 18749 | Lair:6   | Reached skill level 15 in Long Blades
 19403 | Lair:6   | Received a gift from Okawaru
 20000 | Lair:6   | Reached skill level 18 in Shields
 20273 | Lair:6   | Received a gift from Okawaru
 21115 | Lair:6   | Received a gift from Okawaru
 21211 | Lair:6   | Reached skill level 5 in Dodging
 21721 | Lair:2   | Reached XP level 15. HP: 136/136 MP: 16/16
 22740 | Orc:1    | Entered Level 1 of the Orcish Mines
 22746 | Orc:2    | Entered Level 2 of the Orcish Mines
 22823 | Orc:2    | HP: 5/136 [stone giant/large rock (36)]
 22842 | Orc:2    | Found a dark tunnel.
 22850 | Volcano  | Entered a volcano
 23422 | Volcano  | Found a burning altar of Makhleb.
 23433 | Volcano  | Reached skill level 19 in Shields
 24184 | Orc:2    | Found a roughly hewn altar of Beogh.
 24199 | Orc:2    | Found Zorefa's Armour Shop.
 24555 | Orc:2    | Noticed Saint Roka
 24623 | Orc:2    | Killed Saint Roka
 24825 | Orc:2    | Found a roughly hewn altar of Beogh.
 24825 | Orc:2    | Found Apnan's Antique Armour Emporium.
 24828 | Orc:2    | Found Xixuol's Antique Weapon Shoppe.
 24839 | Orc:2    | Bought a bloodstained shield for 361 gold pieces
 24851 | Orc:2    | Identified the +0 shield of the Raven {rC++ MR++ Dex-2} (You bought it in a shop on level 2 of the Orcish Mines)
 25070 | Orc:2    | Found a roughly hewn altar of Beogh.
 25084 | Orc:2    | Found Udgheoba's Gadget Shop.
 25150 | Orc:2    | Found a roughly hewn altar of Beogh.
 25172 | Orc:2    | Found a roughly hewn altar of Beogh.
 25276 | Orc:2    | Found a roughly hewn altar of Beogh.
 25329 | Orc:2    | Found a roughly hewn altar of Beogh.
 25386 | Orc:2    | Found a roughly hewn altar of Beogh.
 25539 | Orc:2    | Found a staircase to the Elven Halls.
 26042 | D:14     | Found Jaaruef's Distillery.
 26084 | D:14     | Bought a potion of brilliance for 72 gold pieces
 26272 | D:14     | Received a gift from Okawaru
 26276 | D:14     | Got a translucent falchion {god gift}
 26277 | D:14     | Identified the +4 falchion of the Five Wonders {flame, rF+} (Okawaru gifted it to you on level 14 of the Dungeon)
 26673 | D:15     | Entered Level 15 of the Dungeon
 26737 | D:15     | Noticed Azrael
 26771 | D:15     | Killed Azrael
 26771 | D:15     | Reached skill level 20 in Shields
 26787 | D:15     | Noticed Nessos
 26810 | D:15     | Killed Nessos
 27026 | D:15     | Found Sawog's Food Emporium.
 27034 | D:15     | Received a gift from Okawaru
 27080 | D:15     | Reached XP level 16. HP: 147/147 MP: 17/17
 27215 | D:15     | Found a staircase to the Depths.
 27899 | Swamp:1  | Entered Level 1 of the Swamp
 28332 | Swamp:1  | Received a gift from Okawaru
 28840 | Swamp:1  | Mangled by an enormous slime creature

Skill      XL: |  1  2  3  4  5  6  7  8  9 10 11 12 13 14 15 |
---------------+----------------------------------------------+-----
Shields        | 4 5 6 7 9 10 12 14 16 18 20 | 20.7
Long Blades    | 3 4 5 6 8 10 11 13 14 15 16 | 16.2
Fighting       | 4 5 6 7 8 10 11 12 13 14 | 14.7
Armour         | 4 5 7 9 10 11 12 13 14 | 14.6
Dodging        | 1 2 3 4 5 |  5.3
Stealth        | 1 |  1.4
Invocations    | 1 2 3 |  3.1
Evocations     | |  0.3

Action                   |  1- 3 |  4- 6 |  7- 9 | 10-12 | 13-15 | 16-18 || total
-------------------------+-------+-------+-------+-------+-------+-------++-------
Melee: Long sword        |    61 |   184 |   384 |   360 |       |       ||   989
       Headbutt          |    10 |    35 |    96 |   247 |   628 |   122 ||  1138
       Scimitar          |       |       |       |   356 |  1066 |       ||  1422
       Demon blade       |       |       |       |       |   634 |       ||   634
       Falchion          |       |       |       |       |   199 |   317 ||   516
Invok: Heroism           |       |       |       |     8 |    17 |       ||    25
       Finesse           |       |       |       |       |     6 |       ||     6
Evoke: Wand              |       |       |       |     2 |       |       ||     2
  Use: Potion            |     1 |     3 |     2 |     3 |     5 |       ||    14
       Scroll            |       |     3 |    14 |    10 |    17 |       ||    44
 Stab: Paralysed         |       |     1 |       |       |       |       ||     1
       Petrified         |       |       |       |       |     1 |       ||     1
       Confused          |       |       |       |       |       |     1 ||     1
  Eat: Chunk             |       |     5 |    11 |    17 |    40 |     5 ||    78
       Ration            |       |       |     2 |     1 |     3 |       ||     6
Armor: Scale mail        |    23 |   112 |    16 |       |       |       ||   151
       Chain mail        |       |       |    86 |       |       |       ||    86
       Plate armour      |       |       |    65 |   304 |   701 |   132 ||  1202
Dodge: Dodged            |    18 |    75 |   115 |   187 |   368 |    77 ||   840
Block: Shield            |    35 |   134 |   233 |   422 |       |       ||   824
       Large shield      |       |       |       |   158 |  1856 |   345 ||  2359
       Rpst.: Long sword |     2 |    22 |    29 |    37 |       |       ||    90
       Scimitar          |       |       |       |     8 |    31 |       ||    39
       Demon blade       |       |       |       |       |    13 |       ||    13
       Falchion          |       |       |       |       |     2 |    15 ||    17
